 Dungeon Crawl Stone Soup version 0.26-a0-1033-gd598b01645 (webtiles) character file.

Game seed: 894974220245125029

266 Baz the Sneak (level 6, -3/37 HPs)
             Began as a Tengu Brigand on Dec 10, 2020.
             Was a Priest of Uskayaw.
             Shot with an arrow by a centaur (9 damage)
             ... on level 5 of the Dungeon.
             The game lasted 00:05:04 (4340 turns).

Baz the Sneak (Tengu Brigand)                       Turns: 4340, Time: 00:05:04

Health: -3/37      AC:  4    Str: 14    XL:     6   Next: 20%
Magic:  7/7        EV: 11    Int: 11    God:    Uskayaw [***...]
Gold:   163        SH:  0    Dex: 15    Spells: 5/5 levels left

rFire    . . .     SeeInvis .   y - +2 dagger (flame)
rCold    . . .     Faith    .   (no shield)
rNeg     . . .     Spirit   .   u - +0 leather armour
rPois    .         Reflect  .   (helmet restricted)
rElec    .         Harm     .   c - +0 cloak
rCorr    .         Rampage  .   (no gloves)
Will     .....                  (boots unavailable)
Stlth    +++.......             (no amulet)
HPRegen  0.12/turn              (no ring)
MPRegen  0.10/turn              (no ring)

@: no status effects
A: beak, talons 3, able to fly
a: Fly, Stomp, Line Pass, Renounce Religion


You were on level 5 of the Dungeon.
You worshipped Uskayaw.
Uskayaw was noncommittal.
You visited 1 branch of the dungeon, and saw 5 of its levels.

You collected 163 gold pieces.

Inventory:

Hand Weapons
 p - a +3 short sword
 y - a +2 dagger of flaming (weapon)
Missiles
 d - 19 poisoned darts (quivered)
 e - 2 curare-tipped darts
 k - 2 boomerangs
 o - 7 datura-tipped darts
Armour
 b - a +0 robe
 c - a +0 cloak (worn)
 u - a +0 leather armour (worn)
Jewellery
 a - an uncursed ring of wizardry {unknown}
 m - an uncursed amulet of faith {unknown}
 z - an uncursed amulet of guardian spirit {unknown}
Wands
 x - a wand of polymorph (11)
Scrolls
 f - 2 scrolls of teleportation
 g - a scroll of amnesia
 i - a scroll of enchant weapon {unknown}
 j - a scroll of blinking {unknown}
 n - a scroll of magic mapping {unknown}
 q - a scroll of fear {unknown}
 r - a scroll of immolation {unknown}
 s - 3 scrolls of remove curse
 w - a scroll of enchant armour {unknown}
 B - a scroll of identify
Potions
 h - 2 potions of lignification
 l - 3 potions of curing
 t - a potion of magic
 v - 2 potions of flight {unknown}
 A - a potion of haste {unknown}


   Skills:
 + Level 3.2 Fighting
 + Level 3.6 Short Blades
 - Level 2.0 Throwing
 + Level 2.6 Armour
 - Level 1.1 Dodging
 * Level 5.8 Stealth


You had 5 spell levels left.
You didn't know any spells.
Your spell library was empty.

Dungeon Overview and Level Annotations

Branches:
Dungeon (5/15)
 Temple: D:4-7

Altars:
Ashenzari
Cheibriados
Fedhas
Nemelex Xobeh
Uskayaw
Vehumet
Wu Jian


Innate Abilities, Weirdness & Mutations

You have a beak for a mouth.
You have claws for feet.
You can fly continuously.


Message History

Ouch! That really hurt!
* * * LOW HITPOINT WARNING * * *
Unknown command.
You hit the ogre but do no damage. Your kick misses the ogre.
The ogre is almost dead.
The centaur shoots an arrow.
The arrow closely misses you.
Unknown command.
You hit the ogre. You burn the ogre.
You kill the ogre!
The centaur shoots an arrow.
The arrow hits you.
* * * LOW HITPOINT WARNING * * *
Uskayaw will force your foes to helplessly watch your dance.
Uskayaw prepares the audience for your solo!
You have reached level 6!
Your experience leads to an increase in your attributes!
Increase (S)trength, (I)ntelligence, or (D)exterity?
You feel stronger.
The centaur is no longer paralysed.
The centaur shoots an arrow.
The arrow hits you!
You die...

c.......# #
.##.......#.#
.........#.#
#.........
#.......#
#.......##
#.(......#
#..)(@<.(#
#.##.##..#
#.. ...#
####...# ...#
.... ...##
...#


You could see a centaur.

Vanquished Creatures
  An ogre (D:5)
  A scorpion (D:4)
  A hound (D:4)
  An iguana (D:4)
  An adder (D:2)
  A worm (D:3)
  3 dart slugs (D:1)
  2 leopard geckos
  An orc (D:3)
  2 ball pythons (D:2)
  6 bats
  6 giant cockroaches
  4 goblins
  3 hobgoblins
  7 jackals
  5 frilled lizards
  6 kobolds
  10 rats
61 creatures vanquished.

Notes
Turn   | Place    | Note
-------+----------+-------------------------------------------
     0 | D:1      | Baz the Tengu Brigand began the quest for the Orb.
     0 | D:1      | Reached XP level 1. HP: 12/12 MP: 2/2
   421 | D:1      | Reached XP level 2. HP: 11/17 MP: 3/3
   952 | D:1      | Reached skill level 1 in Armour
  1069 | D:1      | Reached XP level 3. HP: 21/21 MP: 4/4
  1361 | D:2      | Found an ornate altar of the Wu Jian Council.
  1479 | D:2      | Noticed a +0 hand axe
  1480 | D:2      | Found a hide-covered altar of Uskayaw.
  1480 | D:2      | Noticed a +0 hand axe
  1508 | D:2      | Became a worshipper of Uskayaw the Reveller
  1696 | D:2      | Reached * piety under Uskayaw
  1741 | D:2      | Reached ** piety under Uskayaw
  2078 | D:2      | Reached XP level 4. HP: 27/27 MP: 5/5
  2117 | D:2      | Found a broken altar of Ashenzari.
  2126 | D:2      | Found a sparkling altar of Nemelex Xobeh.
  2126 | D:2      | Found a radiant altar of Vehumet.
  2130 | D:2      | Found a blossoming altar of Fedhas.
  3420 | D:4      | Found a snail-covered altar of Cheibriados.
  3551 | D:4      | Reached skill level 5 in Stealth
  4108 | D:4      | Gained mutation: You can fly continuously. [Tengu growth]
  4108 | D:4      | Reached XP level 5. HP: 19/32 MP: 6/6
  4328 | D:5      | Entered Level 5 of the Dungeon
  4328 | D:5      | Noticed an ogre
  4334 | D:5      | Noticed a centaur
  4339 | D:5      | Killed an ogre
  4339 | D:5      | Reached *** piety under Uskayaw
  4340 | D:5      | Reached XP level 6. HP: 5/37 MP: 7/7
  4340 | D:5      | Shot with an arrow by a centaur

Illustrated notes

Levels and vault maps discovered:
D:1:      heliophobic_arrival_enchanted_forest, layout_loops_corners,
          palyth_stone_intersect
D:2:      layout_loops_ring, old_standard_altar, minitemple,
          dancing_weapons_uskayaw
D:3:      layout_basic
D:4:      layout_loops_corners, cheibriados_altar_1, minmay_distorted
D:5:      layout_loops_ring, kennysheep_vampire_church, tso_oasis_becter,
          grunt_temple_overflow_open, minmay_temple_entry_gardened_gates,
          serial_shops, kennysheep_mini, shop, nicolae_shop_trees,
          nicolae_shop_behind_doors, nicolae_shop_temple_entry_statues_fountains

Skill      XL: |  1  2  3  4  5 |
---------------+----------------+-----
Armour         | 1 2 |  2.6
Short Blades   | 3 |  3.6
Stealth        | 5 |  5.8
Fighting       | 3 |  3.2
Throwing       | |  2.0
Dodging        | |  1.1

Action                   |  1- 3 |  4- 6 || total
-------------------------+-------+-------++-------
Melee: Dagger            |    87 |    68 ||   155
       Kick              |    12 |    16 ||    28
       Peck              |     8 |    10 ||    18
Throw: Dart              |     5 |     3 ||     8
  Use: Scroll            |       |     6 ||     6
 Stab: Sleeping          |    15 |     8 ||    23
Armor: Robe              |    10 |       ||    10
       Leather armour    |       |     8 ||     8
Dodge: Dodged            |    52 |    31 ||    83

Table legend: (Time is in decaauts)
 A = Elapsed time spent in this place.
 B = Non-inter-level travel time spent in this place.
 C = Inter-level travel time spent in this place.
 D = Time resting spent in this place.
 E = Time spent auto-exploring this place.
 F = Levels seen in this place.
 G = Mean time per level.
                   A        B        C        D        E       F      G
               +--------+--------+--------+--------+--------+-----+--------+
         Total |   4315 |   4205 |    110 |    932 |   2704 |   5 |  863.0 |
       Dungeon |   4315 |   4205 |    110 |    932 |   2704 |   5 |  863.0 |
               +--------+--------+--------+--------+--------+-----+--------+

Top non-repeatable levels by time:
     D:1: 1242 daAuts
     D:3: 1230 daAuts
     D:2: 924 daAuts
     D:4: 908 daAuts
     D:5: 10 daAuts
